 Dungeon Crawl Stone Soup version bcrawl-1.12-11-gb93c957c58 (webtiles) character file.

Game seed: 6279685907971299348

0 MisterOstroum the Sneak (level 1, 0/15 HPs)
             Began as a Demonspawn Archaeologist on June 30, 2019.
             Slain by a quokka (5 damage)
             ... on level 1 of the Dungeon.
             The game lasted 00:00:14 (82 turns).

MisterOstroum the Sneak (Demonspawn Archaeologist)    Turns: 82, Time: 00:00:15

Health: 0/15       AC:  8    Str: 11    XL:     1   Next: 8%
Magic:  1/1        EV: 12    Int: 15    God:
Gold:   6          SH:  0    Dex: 11    Spells: 0/0 levels left

rFire    . . .     SeeInvis .   (no weapon)
rCold    . . .     Gourm    .   (no shield)
rNeg     . . .     Faith    .   a - +1 robe
rPois    .         Spirit   .   b - +1 hat
rElec    .         Reflect  .   (no cloak)
rCorr    .         Harm     .   d - +1 pair of gloves
MR       .....                  c - +1 pair of boots
Stlth    ++........             (no amulet)
HPRegen  0.05/turn              (no ring)
MPRegen  0.07/turn              (no ring)

@: no status effects
A: no striking features
a: no special abilities


You were on level 1 of the Dungeon.
You were not hungry.

You visited 1 branch of the dungeon, and saw 1 of its levels.

You collected 6 gold pieces.

Inventory:

Armour
 a - a +1 robe (worn)
 b - a +1 hat (worn)
 c - a +1 pair of boots (worn)
 d - a +1 pair of gloves (worn)
Scrolls
 h - a scroll of fog {unknown}
 i - a scroll of remove curse {unknown}
Miscellaneous
 f - an ancient crate
 g - a dusty tome
Comestibles
 e - 2 rations {!d}


   Skills:
 + Level 1.1 Fighting
 - Level 2.6 Dodging
 - Level 3.0 Stealth


You couldn't memorise any spells.
You didn't know any spells.
Your spell library was empty.

Dungeon Overview and Level Annotations

Branches:
Dungeon (1/12)

Altars:


Message History

e - a ration;
g - a dusty tome Welcome, MisterOstroum the Demonspawn Archaeologist.
Will you prevail where others failed? Will you find the Orb of Zot?
Press ? for a list of commands and other information.
Found 6 gold pieces.
Found a staircase leading out of the dungeon.
You now have 6 gold pieces.
You open the door.
There is an open door here.
e - 2 rations {!d} (gained 1)
Found an escape hatch in the floor.
There is an escape hatch in the floor here.
A ball python comes into view.
A ball python is nearby!
The helpless ball python fails to defend itself.
You hit the ball python.
The ball python is moderately wounded.
The ball python bites you but does no damage.
The ball python grabs you. The ball python constricts you.
You barely miss the ball python.
The ball python is moderately wounded.
The ball python bites you but does no damage.
The ball python constricts you.
The ball python bites you but does no damage.
The ball python constricts you.
You closely miss the ball python.
The ball python is moderately wounded.
The ball python closely misses you. The ball python constricts you.
You closely miss the ball python.
The ball python is moderately wounded.
The ball python barely misses you. The ball python constricts you.
You hit the ball python.
You kill the ball python!
No target in view!
h - a scroll labeled JUNLEU UWKI
i - a scroll labeled SOFFAI LEB OGU
Found a stone staircase leading down.
A quokka comes into view.
A quokka is nearby!
Found a stone staircase leading down.
The helpless quokka fails to defend itself.
You hit the quokka.
The quokka is lightly wounded.
The quokka bites you.
You hit the quokka.
The quokka is moderately wounded.
The quokka bites you but does no damage.
The quokka barely misses you.
You hit the quokka but do no damage.
The quokka is moderately wounded.
The quokka bites you but does no damage.
You closely miss the quokka.
The quokka is moderately wounded.
The quokka bites you.
You hit the quokka but do no damage.
The quokka is moderately wounded.
The quokka bites you.
You are too injured to fight recklessly!
You are too injured to fight recklessly!
You are too injured to fight recklessly!
You are too injured to fight recklessly!
You are too injured to fight recklessly!
You are too injured to fight recklessly!
You are too injured to fight recklessly!
You are too injured to fight recklessly!
You are too injured to fight recklessly!
You are too injured to fight recklessly!
You are too injured to fight recklessly!
You are too injured to fight recklessly!
You are too injured to fight recklessly!
You hit the quokka.
The quokka is almost dead.
The quokka completely misses you.
You barely miss the quokka.
The quokka is almost dead.
The quokka closely misses you. The quokka misses you.
You closely miss the quokka.
The quokka is almost dead.
The quokka bites you.
You closely miss the quokka.
The quokka is almost dead.
The quokka bites you.
You die...

### ..
##.#######
........###
#.>........
#####........#
......r......#
#####..@.....###
#...............
......>......##
#.####.....$.# #
#.......#
####...## #...#
#.#.### #.....##


You could see a quokka.

Vanquished Creatures
  A ball python (D:1)
1 creature vanquished.

Notes
Turn   | Place    | Note
-------+----------+-------------------------------------------
     0 | D:1      | MisterOstroum the Demonspawn Archaeologist began the quest
                  | for the Orb.
     0 | D:1      | Reached XP level 1. HP: 15/15 MP: 1/1
    82 | D:1      | Slain by a quokka

Action                   || total
-------------------------++-------
Melee: Unarmed           ||    14
 Stab: Sleeping          ||     2
Armor: Robe              ||     5
Dodge: Dodged            ||     6
